 Dungeon Crawl Stone Soup version 0.24-a0-179-g7a2c91a (console) character file.

Game seed: 3717902125961059742

1502 Voker57 the Slasher (level 8, -6/56 HPs)
             Began as a Demonspawn Gladiator on Mar 11, 2019.
             Was an Initiate of Hepliaklqana.
             Mangled by a komodo dragon (22 damage)
             ... on level 6 of the Dungeon on Mar 13, 2019.
             The game lasted 00:13:51 (5167 turns).

Voker57 the Slasher (Demonspawn Gladiator)          Turns: 5167, Time: 00:13:53

Health: -6/56      AC:  4    Str: 14    XL:     8   Next: 52%
Magic:  0/8        EV: 22    Int: 10    God:    Hepliaklqana [......]
Gold:   232        SH:  0    Dex: 22    Spells: 7/7 levels left

rFire    . . .     SeeInvis .   a - +0 long sword
rCold    . . .     Gourm    .   (no shield)
rNeg     . . .     Faith    .   b - +0 leather armour
rPois    .         Spirit   +   c - +0 helmet
rElec    .         Reflect  .   (no cloak)
rCorr    .         Harm     .   (no gloves)
MR       .....                  (no boots)
Stlth    +++.......             (no amulet)
HPRegen  0.18/turn              (no ring)
MPRegen  0.11/turn              (no ring)

@: agile
A: reduced essence, spiny 1, magic shield, sturdy frame 1
a: Recall Ancestor, Ancestor Identity, Renounce Religion


You were on level 6 of the Dungeon.
You worshipped Hepliaklqana.
Hepliaklqana was noncommittal.
You were hungry.

You visited 2 branches of the dungeon, and saw 8 of its levels.

You collected 232 gold pieces.

Inventory:

Hand Weapons
 a - a +0 long sword (weapon)
Armour
 b - a +0 leather armour (worn)
 c - a +0 helmet (worn)
Scrolls
 e - 6 scrolls of identify
 i - 5 scrolls of remove curse
 j - a scroll of magic mapping
 o - a scroll of noise {unknown}
 p - a scroll of fear {unknown}
 q - 2 scrolls of enchant weapon {unknown}
Comestibles
 f - 11 rations


   Skills:
 + Level 5.6 Fighting
 * Level 7.5 Long Blades
 - Level 1.7 Throwing
 + Level 5.5 Dodging


You had 7 spell levels left.
You didn't know any spells.
Your spell library contained the following spells:

 Spells                   Type           Power        Failure   Level  Hunger
 Flame Tongue             Conj/Fire      #....        36%         1    ##.....
 Throw Flame              Conj/Fire      #.....       52%         2    ###....
 Conjure Flame            Conj/Fire      #.......     75%         3    ####...
 Inner Flame              Hex/Fire       #.......     75%         3    ####...
 Sticky Flame             Conj/Fire      #.......     98%         4    #####..
 Fireball                 Conj/Fire      #.........   100%        5    ######.


Dungeon Overview and Level Annotations

Branches:
Dungeon (7/15)             Temple (1/1) D:5

Altars:
Ashenzari
Cheibriados
Fedhas
Gozag
Hepliaklqana
Kikubaaqudgha
Makhleb
Nemelex Xobeh
Okawaru
Qazlal
Ru
Sif Muna
Trog
Uskayaw
Vehumet
Xom
Yredelemnul
Zin
The Shining One

Shops:
D:5 :   D:6 =


Innate Abilities, Weirdness & Mutations

You are partially covered in sharp spines.
When hurt, damage is shared between your health and your magic reserves.
Your movements are slightly less encumbered by armour. (ER -2)
Your life essence is reduced to manifest your ancestor. (-10% HP)


Message History

You are too injured to fight recklessly!
You feel better.
The centaur zombie is struck by your spines.
You destroy the centaur zombie!
Zorana hits the komodo dragon.
The komodo dragon closely misses Zorana.
You feel agile all of a sudden.
Zorana closely misses the komodo dragon.
The komodo dragon bites Zorana!!
Zorana is destroyed!
The komodo dragon hisses angrily.
You barely miss the komodo dragon.
The komodo dragon is severely wounded.
The komodo dragon barely misses you.
You riposte.
You hit the komodo dragon but do no damage.
The komodo dragon is severely wounded.
You closely miss the komodo dragon.
The komodo dragon is severely wounded.
The komodo dragon bites you!!
You die...

#<# #.#
#.# #.# #
## ##.# #.
#.##..#
#.#
##....#
#.##.##..#
#.l.###..#
#.##@#
#..#
#..#.$##.+
### ######


You could see a komodo dragon.

Vanquished Creatures
  An orc warrior (D:6)
  A phantom (D:6)
  3 ogres
  2 centaurs
  A bullfrog (D:7)
  A wyvern skeleton (D:6)
  2 scorpions (D:5)
  A howler monkey (D:7)
  2 crimson imps
  A centaur zombie (D:6)
  A jelly (D:7)
  2 hounds
  2 orc priests (D:5)
  4 orc wizards
  Natasha (D:4)
  A hound zombie (D:5)
  3 gnolls (D:3)
  7 adders
  3 shadow imps (D:5)
  An ooze (D:2)
  An adder skeleton (D:7)
  2 worms
  4 dart slugs
  2 leopard geckos
  19 orcs
  10 giant cockroaches
  6 goblins
  9 hobgoblins
  11 jackals
  10 kobolds
  4 quokkas
  2 ball pythons (D:3)
  5 bats
  A frilled lizard (D:3)
  A jackal skeleton (D:5)
  A leopard gecko skeleton (D:5)
  9 rats
137 creatures vanquished.

Vanquished Creatures (collateral kills)
  A crimson imp (D:5)
1 creature vanquished.

Vanquished Creatures (others)
  An ancestor (D:6)
1 creature vanquished.

Grand Total: 139 creatures vanquished

Notes
Turn   | Place    | Note
-------+----------+-------------------------------------------
     0 | D:1      | Voker57 the Demonspawn Gladiator began the quest for the
                  | Orb.
     0 | D:1      | Reached XP level 1. HP: 16/16 MP: 1/1
    66 | D:1      | Reached skill level 3 in Long Blades
    70 | D:1      | Gained mutation: Your movements are slightly less
                  | encumbered by armour. (ER -2) [demonic ancestry]
    70 | D:1      | Reached XP level 2. HP: 18/22 MP: 2/2
   415 | D:1      | Gained mutation: When hurt, damage is shared between your
                  | health and your magic reserves. [demonic ancestry]
   415 | D:1      | Reached XP level 3. HP: 25/28 MP: 3/3
   699 | D:2      | HP: 1/28 [poisoned by an adder]
  1031 | D:2      | Gained mutation: You are partially covered in sharp spines.
                  | [demonic ancestry]
  1031 | D:2      | Reached XP level 4. HP: 34/34 MP: 4/4
  1479 | D:3      | Upgraded the game from 0.24-a0-170-gd8427f5 to
                  | 0.24-a0-179-g7a2c91a
  1705 | D:3      | Found a blossoming altar of Fedhas.
  1747 | D:3      | Reached skill level 4 in Long Blades
  1973 | D:3      | Reached XP level 5. HP: 41/41 MP: 5/5
  2451 | D:4      | Noticed an ogre
  2461 | D:4      | Killed an ogre
  2593 | D:4      | You fall through a shaft for 2 floors!
  2597 | D:6      | Reached XP level 6. HP: 45/47 MP: 6/6
  2889 | D:6      | Noticed an orc warrior
  2914 | D:6      | Reached skill level 5 in Long Blades
  2916 | D:5      | Entered Level 5 of the Dungeon
  3286 | D:5      | Reached XP level 7. HP: 48/54 MP: 5/7
  3342 | D:5      | Reached skill level 6 in Long Blades
  3390 | D:5      | Found a staircase to the Ecumenical Temple.
  3473 | D:5      | You fall through a shaft for 2 floors!
  3525 | D:7      | HP: 1/55 [bullfrog (7)]
  3799 | D:7      | Found a deep blue altar of Sif Muna.
  3933 | D:6      | Found Dicasaga's Jewellery Shoppe.
  3981 | D:6      | Reached skill level 5 in Fighting
  3981 | D:6      | Reached skill level 5 in Dodging
  3981 | D:6      | Reached XP level 8. HP: 40/62 MP: 5/8
  4129 | D:5      | Found Axzux's Book Emporium.
  4214 | D:4      | Noticed Natasha
  4219 | D:4      | Killed Natasha
  4227 | D:4      | Reached skill level 7 in Long Blades
  4381 | Temple   | Entered the Ecumenical Temple
  4574 | Temple   | Became a worshipper of Hepliaklqana the Forgotten
  5157 | D:6      | Noticed a komodo dragon
  5167 | D:6      | Mangled by a komodo dragon

Levels and vault maps discovered:
D:1:      tarquinn_simple_flora_water_d, layout_rooms
D:2:      layout_loops_ring, first_ration
D:3:      cheibrodos_old_hovel, layout_loops_ring, fedhas_altar_3
D:4:      minmay_angry_zag, layout_loops_cross, uniq_grinder, uniq_natasha
D:5:      layout_gridville, minmay_temple_entry_enclosed_plants, serial_shops,
          kennysheep_mini, kennysheep_generic_room_14
D:6:      minmay_cornered_nines, layout_basic, serial_shops, shop, uniq_menkaure
D:7:      layout_basic, nicolae_overflow_quartered_altars, basic_altar
Temple:   dpeg_five_rooms_temple

Skill      XL: |  1  2  3  4  5  6  7  8 |
---------------+-------------------------+-----
Long Blades    | 3 4 5 6 7 |  7.5
Dodging        | 3 4 5 |  5.5
Fighting       | 3 4 5 |  5.6
Throwing       | |  1.7

Action                   |  1- 3 |  4- 6 |  7- 9 || total
-------------------------+-------+-------+-------++-------
Melee: Long sword        |   114 |   122 |   111 ||   347
Throw: Throwing net      |     3 |     2 |       ||     5
  Use: Potion            |     1 |       |     8 ||     9
       Scroll            |       |     6 |       ||     6
 Stab: Sleeping          |     3 |     1 |     1 ||     5
       Held in net/web   |       |     2 |       ||     2
  Eat: Chunk             |       |     8 |     5 ||    13
Armor: Leather armour    |    35 |    23 |    15 ||    73
Dodge: Dodged            |   109 |    81 |    95 ||   285
       Rpst.: Long sword |    32 |    26 |    27 ||    85

Table legend:
 A = Non-vault XP
 B = Vault XP
 C = Vault XP percentage of total XP
 D = Non-vault monster count
 E = Vault monster count
 F = Vault count percentage of total count
                 A         B        C        D         E       F
            +---------+---------+-------+---------+---------+-------
      Total |    1744 |     402 |  18.7 |     128 |      10 |   7.2
            +---------+---------+-------+---------+---------+-------
        D:1 |      60 |       0 |   0.0 |      32 |       0 |   0.0
        D:2 |      66 |       0 |   0.0 |      20 |       0 |   0.0
        D:3 |     104 |       3 |   2.8 |      23 |       1 |   4.2
        D:4 |     132 |     204 |  60.7 |       3 |       5 |  62.5
        D:5 |     766 |      22 |   2.8 |      29 |       2 |   6.5
        D:6 |     320 |     173 |  35.1 |      12 |       2 |  14.3
        D:7 |     296 |       0 |   0.0 |       9 |       0 |   0.0
            +---------+---------+-------+---------+---------+-------
